 Dungeon Crawl Stone Soup version 0.31.0-11-ge490571c62 (webtiles) character file.

Game seed: 18266379684878108236

90 ces the Shooter (level 4, 0/23 HPs)
             Began as a Spriggan Hunter on Jan 30, 2024.
             Succumbed to a water moccasin's poison
             ... on level 3 of the Dungeon.
             The game lasted 00:01:30 (1943 turns).

ces the Shooter (Spriggan Hunter)                   Turns: 1943, Time: 00:01:30

Health: 0/23       AC:  2    Str:  7    XL:     4   Next: 32%
Magic:  5/5        EV: 18    Int: 10    God:
Gold:   63         SH:  0    Dex: 20    Spells: 3/3 levels left

rFire   . . .        a - +0 shortbow
rCold   . . .        (shield currently unavailable)
rNeg    . . .        c - +0 robe
rPois   .            (helmet restricted)
rElec   .            (no cloak)
rCorr   .            (gloves unavailable)
SInv    +            (boots unavailable)
Will    .....        (no amulet)
Stlth   ++           (no ring)
HPRegen 0.23/turn    (no ring)
MPRegen 0.09/turn

%: no passive effects
@: lethally poisoned (0 -> -2), attractive, very quick
A: very small, no large weapons, unfitting armour, see invisible, speed 3
a: no special abilities


You were on level 3 of the Dungeon.
You visited 1 branch of the dungeon, and saw 3 of its levels.

You collected 63 gold pieces.

Inventory:

Hand Weapons
 a - a +0 shortbow (weapon)
Armour
 c - a +0 robe (worn)
Jewellery
 f - a ring of fire
Scrolls
 b - a scroll of butterflies
 e - 2 scrolls of vulnerability {unknown}
 g - 2 scrolls of amnesia {unknown}
 h - 3 scrolls of teleportation {unknown}
 j - a scroll of immolation


   Skills:
 - Level 1.7 Fighting
 + Level 5.6 Ranged Weapons
 - Level 2.9 Dodging
 - Level 2.0 Stealth


You had 3 spell levels left.
You didn't know any spells.
Your spell library contained the following spells:

 Spells                   Type           Power      Damage    Failure   Level
 Apportation              Tloc           0%         N/A       36%         1
 Necrotise                Necr           0%         1d4       36%         1
 Jinxbite                 Hex            0%         N/A       50%         2
 Vampiric Draining        Necr           0%         2d6       75%         3
 Martyr's Knell           Necr/Summ      0%         N/A       98%         4
 Alistair's Intoxication  Alch           0%         N/A       100%        5
 Curse of Agony           Necr           0%         N/A       100%        5


Dungeon Overview and Level Annotations

Branches:
Dungeon (3/15)

Altars:

Shops:
D:2 [


Innate Abilities, Weirdness & Mutations

You are very small and have problems with some larger weapons.
You are too small for most types of armour.
You have supernaturally acute eyesight. (SInv)
You cover ground extremely quickly. (Speed+++)


Message History

Fire: a) +0 shortbow
Press: ? - help, Shift-Dir - straight line, f/p - water moccasin
Aim: a water moccasin (severely wounded, 48% to hit)
You shoot an arrow.
The arrow barely misses the water moccasin.
The water moccasin bites you.
You are poisoned.
The water moccasin poisons you!
You aren't carrying any items that you can evoke.
You feel sick.
The water moccasin completely misses you.
You shoot an arrow. The arrow hits the goblin.
You kill the goblin!
You feel very sick. The water moccasin bites you.
* * * LOW HITPOINT WARNING * * *
The water moccasin closely misses you.
It was a potion of attraction.
You feel attractive to monsters.
* * * LOW HITPOINT WARNING * * *
You feel sick. The water moccasin barely misses you.
You are too injured to fight recklessly!
You are too injured to fight recklessly!
You are too injured to fight recklessly!
You are too injured to fight recklessly!
* * * LOW HITPOINT WARNING * * *
You feel sick.
The water moccasin bites you but does no damage.
The kobold is attracted toward you.
Things that are here:
a +0 dagger; a goblin corpse You shoot an arrow.
The arrow hits the kobold!
You kill the kobold!
* * * LOW HITPOINT WARNING * * *
You feel sick. The water moccasin barely misses you.
* * * LOW HITPOINT WARNING * * *
You feel sick.
Things that are here:
a +0 short sword; 4 stones You die...

#.....#
#.....#
#.....#
#.....######.
#............
###......#####
....<.....#
.####+###ยง# .
# #@#
...#.###)#
........S#
.........#
.........#
.........#
..........
..........#
..........#


You could see a water moccasin.

Vanquished Creatures
  3 adders (D:2)
  2 dart slugs (D:1)
  3 ribbon worms (D:2)
  5 endoplasms
  4 giant cockroaches
  5 goblins
  3 hobgoblins
  A jackal (D:2)
  4 quokkas
  5 ball pythons
  4 bats
  4 frilled lizards
  3 kobolds
  5 rats
51 creatures vanquished.

Notes
Turn   | Place    | Note
-------+----------+-------------------------------------------
     0 | D:1      | ces the Spriggan Hunter began the quest for the Orb.
     0 | D:1      | Reached XP level 1. HP: 10/10 MP: 2/2
   105 | D:1      | Reached XP level 2. HP: 15/15 MP: 3/3
   866 | D:2      | Found Cuodud's Armour Emporium.
   971 | D:2      | Reached XP level 3. HP: 18/18 MP: 4/4
  1168 | D:2      | Reached skill level 5 in Ranged Weapons
  1557 | D:2      | Found a faded altar of an unknown god.
  1560 | D:2      | Reached XP level 4. HP: 23/23 MP: 5/5
  1926 | D:3      | Noticed a water moccasin
  1942 | D:3      | HP: 1/23 [poisoned by a water moccasin]
  1943 | D:3      | Succumbed to a water moccasin's poison

Illustrated notes

Levels and vault maps discovered:
D:1:      dpeg_arrival_tiny_b, layout_loops_ring, nicolae_eternal_life
D:2:      minmay_razor_zed, layout_loops_ring,
          hellmonk_ecumenical_altar_blasted, serial_shops, shop
D:3:      minmay_chambers_of_threes, layout_basic,
          nicolae_hepliaklqana_hippocampus,
          mainiacjoe_sewer_entry_somewhere_in_here_1, minivault_5

Skill      XL: |  1  2  3 |
---------------+----------+-----
Stealth        | 2 |  2.0
Ranged Weapons | 5 |  5.6
Fighting       | |  1.7
Dodging        | |  2.9

Action                     |  1- 3 |  4- 6 || total
---------------------------+-------+-------++-------
   Fire: Shortbow          |   153 |    18 ||   171
    Use: Potion            |       |     2 ||     2
 Armour: Robe              |    23 |     6 ||    29
  Dodge: Dodged            |    55 |    12 ||    67
